 Dungeon Crawl Stone Soup version 0.25-a0-571-gb5e01bddfa (console) character file.

Game seed: 1445870187486010081, levelgen mode: deterministic

8535 utis the Nimble (level 11, 0/68 HPs)
             Began as a Tengu Arcane Marksman on Mar 1, 2020.
             Slain by an unseen horror (4 damage)
             ... on level 10 of the Dungeon.
             The game lasted 00:52:19 (20561 turns).

utis the Nimble (Tengu Arcane Marksman)            Turns: 20561, Time: 00:52:19

Health: 0/68       AC:  8    Str: 11    XL:     11   Next: 32%
Magic:  0/13       EV: 27    Int: 16    God:
Gold:   329        SH:  0    Dex: 15    Spells: 5/12 levels left

rFire    . . .     SeeInvis .   a - +1 whip (elec)
rCold    . . .     Gourm    .   (no shield)
rNeg     . . .     Faith    .   M - +0 troll leather armour
rPois    .         Spirit   +   (helmet restricted)
rElec    .         Reflect  .   I - +2 cloak
rCorr    .         Harm     .   V - +0 pair of gloves
MR       .....                  (boots unavailable)
Stlth    ++++......             G - amulet of guardian spirit
HPRegen  0.61/turn              Q - ring of stealth {=f}
MPRegen  0.13/turn              E - +5 ring of evasion {=f}

@: flying quickly and evasively, quick
A: beak, talons 3, able to fly
a: Stop Flying


You were on level 10 of the Dungeon.
You were hungry.

You visited 1 branch of the dungeon, and saw 10 of its levels.

You collected 623 gold pieces.
You spent 294 gold pieces at shops.

Inventory:

Hand Weapons
 a - a +1 whip of electrocution (weapon)
 b - a +2 vorpal hunting sling
 c - a +0 club
 k - a +0 dire flail
 u - a cursed -3 hand crossbow
 w - a +1 shortbow
 x - a +4 flail of protection
 K - a +0 short sword of venom
Missiles
 d - 161 arrows
 h - 5 boomerangs
 s - 329 stones
 v - 7 poisoned darts (quivered)
 z - 41 sling bullets
Armour
 e - a +0 robe
 I - a +2 cloak (worn)
 M - a +0 troll leather armour (worn)
 V - a +0 pair of gloves (worn)
Magical Staves
 T - an uncursed staff of wizardry {!a}
Jewellery
 C - an uncursed ring of ice
 E - a +5 ring of evasion (right hand) {=f}
 G - an amulet of guardian spirit (around neck)
 N - an uncursed ring of positive energy
 Q - a ring of stealth (left hand) {=f}
 S - a +2 ring of strength
 W - an uncursed amulet of the acrobat {unknown}
Wands
 n - a wand of random effects (14)
 F - a wand of paralysis (4)
 O - a wand of digging (11)
 P - a wand of iceblast (3)
Scrolls
 j - 4 scrolls of amnesia
 l - 2 scrolls of fear
 m - a scroll of identify {@r1}
 q - 5 scrolls of teleportation {@r4}
 t - 2 scrolls of magic mapping
 y - a scroll of noise {unknown}
 B - 2 scrolls of fog {unknown}
 D - a scroll of holy word {unknown}
 H - a scroll of immolation {unknown}
 L - a scroll of torment {unknown}
 U - 2 scrolls of blinking
 X - 2 scrolls of remove curse {@r2}
Potions
 g - 4 potions of curing {@q1}
 i - a potion of stabbing
 o - 5 potions of heal wounds {@q2}
 p - a potion of mutation {!q}
 r - a potion of resistance
 A - 2 potions of haste {@q3}
 J - 2 potions of magic
 R - a potion of flight {unknown}
Comestibles
 f - 23 rations {@e1}


   Skills:
 + Level 7.7 Fighting
 - Level 3.2 Maces & Flails
 + Level 9.3 Bows
 + Level 10.3 Dodging
 - Level 5.1 Stealth
 - Level 1.0 Spellcasting
 - Level 6.0 Hexes


You had 5 spell levels left.
You knew the following spells:

 Your Spells              Type           Power        Failure   Level  Hunger
a - Corona                Hex            ###....      2%          1    ##.....
w - Slow                  Hex            ###.....     3%          2    ###....
x - Cause Fear            Hex            ###.......   26%         4    #####..

Your spell library contained the following spells:

 Spells                   Type           Power        Failure   Level  Hunger
 Confusing Touch          Hex            ###.....     8%          3    ####...
 Inner Flame              Hex/Fire       ##......     26%         3    ####...
 Portal Projectile        Hex/Tloc       ##....       26%         3    ####...
 Gell's Gravitas          Tloc           #.........   65%         3    ####...
 Leda's Liquefaction      Hex/Erth       ##........   65%         4    #####..
 Metabolic Englaciation   Hex/Ice        ##........   94%         5    ######.
 Yara's Violent Unravell  Hex/Tmut       ##........   94%         5    ######.
 Petrify                  Tmut/Erth      #.......     96%         4    #####..


Dungeon Overview and Level Annotations

Branches:
Dungeon (10/15)            Temple (0/1) D:4
   Lair: D:8-11         Orc: D:9-12

Altars:
Ashenzari
Dithmenos
Fedhas
Kikubaaqudgha
Okawaru
Qazlal
Trog
Uskayaw
Vehumet
Wu Jian
Yredelemnul
Zin
The Shining One

Shops:
D:5 !   D:6 [   D:8 [   D:10 *


Innate Abilities, Weirdness & Mutations

You have a beak for a mouth.
You have claws for feet.
You can fly continuously.


Message History

* * * LOW MAGIC WARNING * * *;
* * * LOW HITPOINT WARNING * * *
Something hits you.
* * * LOW HITPOINT WARNING * * *
Something hits you.
* * * LOW MAGIC WARNING * * *;
* * * LOW HITPOINT WARNING * * *
Something completely misses you. Something barely misses you.
Something hits you.
* * * LOW HITPOINT WARNING * * *
Something hits you.
* * * LOW HITPOINT WARNING * * *
Something misses you. Something barely misses you.
You hit something. You claw something. Your peck misses something.
Something hits you!
* * * LOW MAGIC WARNING * * *;
* * * LOW HITPOINT WARNING * * *
Something barely misses you. Something completely misses you.
Something hits you!
* * * LOW MAGIC WARNING * * *
You die...

░.░░░ ░.....░.░░░
░.░ ░░....░...░
░.░ ░...░░░..░ ░.░
░.....░.░░ ░.░░
░░░....... ░..░
░░░..... ░░.░░░░
░░░░░░░░░░░ ░.░..░
░..........
░Q░..░░░░.........
░.░░.░.░..........
░...░.░.........⌠.
░░░░.░.░..........
░..░░░░.........
░..░ ░..........
░░░░ ░░░░░░░░░░░


There were no monsters in sight!

Vanquished Creatures
  2 two-headed ogres
  2 trolls (D:10)
  Grinder (D:6)
  A spriggan (D:8)
  6 yaks
  A wyvern (D:10)
  Menkaure (D:4)
  Edmund (D:6)
  5 ice beasts
  2 sky beasts
  An orc warrior (D:8)
  A necrophage (D:8)
  3 phantoms
  An eye of draining (D:7)
  3 ogres
  A centaur (D:9)
  6 bullfrogs
  2 big kobolds
  Blork the orc (D:4)
  A gnoll sergeant (D:9)
  A water moccasin zombie (D:5)
  A wyvern skeleton (D:7)
  8 scorpions
  12 killer bees
  8 wights
  An electric eel (D:8)
  5 howler monkeys
  5 crimson imps
  A quasit (D:9)
  5 hounds
  5 orc wizards
  2 bullfrog zombies
  A centaur zombie (D:10)
  4 jellies
  2 bullfrog skeletons
  4 orc priests
  A gnoll shaman (D:8)
  3 iguanas
  Ijyb (D:5)
  3 worker ants
  A hound zombie (D:5)
  A hound skeleton (D:5)
  13 gnolls
  9 adders
  2 shadow imps (D:7)
  An ooze (D:3)
  2 adder zombies
  3 worms
  2 dart slugs
  5 leopard geckos
  23 orcs
  3 ball pythons
  6 bats
  6 giant cockroaches
  9 goblins
  8 hobgoblins
  9 jackals
  3 quokkas
  A ball python zombie (D:5)
  5 frilled lizards
  18 kobolds
  A leopard gecko zombie (D:5)
  14 rats
260 creatures vanquished.

Vanquished Creatures (others)
  A worker ant zombie (D:9)
1 creature vanquished.

Grand Total: 261 creatures vanquished

Notes
Turn   | Place    | Note
-------+----------+-------------------------------------------
     0 | D:1      | utis the Tengu Arcane Marksman began the quest for the Orb.
     0 | D:1      | Reached XP level 1. HP: 12/12 MP: 3/3
   159 | D:1      | Reached XP level 2. HP: 13/16 MP: 2/4
   468 | D:1      | Learned a level 2 spell: Slow
  1048 | D:1      | Reached skill level 3 in Dodging
  1603 | D:2      | Reached XP level 3. HP: 14/20 MP: 3/5
  2018 | D:2      | Found a shadowy altar of Dithmenos.
  2407 | D:2      | Found a glowing golden altar of the Shining One.
  2659 | D:3      | Reached XP level 4. HP: 25/25 MP: 6/6
  3790 | D:3      | Reached skill level 4 in Dodging
  3790 | D:3      | Gained mutation: You can fly continuously. [Tengu growth]
  3790 | D:3      | Reached XP level 5. HP: 29/29 MP: 7/7
  4458 | D:4      | Found a staircase to the Ecumenical Temple.
  4509 | D:4      | Noticed Menkaure
  4517 | D:4      | Killed Menkaure
  4517 | D:4      | Reached skill level 5 in Bows
  4517 | D:4      | Reached skill level 5 in Dodging
  4517 | D:4      | Reached XP level 6. HP: 34/34 MP: 8/8
  4673 | D:4      | Noticed Blork the orc
  5321 | D:4      | Killed Blork the orc
  5321 | D:4      | Reached XP level 7. HP: 20/38 MP: 7/9
  5639 | D:4      | Found a glowing silver altar of Zin.
  6373 | D:5      | Entered Level 5 of the Dungeon
  6426 | D:5      | Reached skill level 6 in Dodging
  6537 | D:5      | Found Yllooshi's Distillery.
  6539 | D:5      | Noticed Ijyb
  6647 | D:5      | Killed Ijyb
  7516 | D:5      | Reached skill level 7 in Dodging
  7781 | D:5      | Found an ancient bone altar of Kikubaaqudgha.
  7845 | D:5      | Reached XP level 8. HP: 7/46 MP: 10/10
  8484 | D:6      | Reached skill level 8 in Dodging
  8879 | D:6      | Found an iron altar of Okawaru.
  9064 | D:6      | Found Dufryk's Armour Shoppe.
  9072 | D:6      | Bought a +2 cloak for 231 gold pieces
  9128 | D:6      | Noticed Grinder
  9150 | D:6      | Killed Grinder
  9150 | D:6      | Reached skill level 9 in Dodging
  9549 | D:6      | Found a basalt altar of Yredelemnul.
  9654 | D:6      | Noticed Edmund
  9933 | D:6      | Killed Edmund
  9933 | D:6      | Reached XP level 9. HP: 35/52 MP: 4/11
 10168 | D:6      | Noticed a moth of wrath
 10171 | D:6      | Found a bloodstained altar of Trog.
 11304 | D:7      | Reached skill level 1 in Stealth
 11793 | D:7      | Learned a level 4 spell: Cause Fear
 12394 | D:7      | Found a blossoming altar of Fedhas.
 13651 | D:8      | Reached skill level 5 in Stealth
 14293 | D:8      | Reached XP level 10. HP: 57/57 MP: 9/12
 14368 | D:8      | Noticed a two-headed ogre
 14636 | D:8      | Killed a two-headed ogre
 15394 | D:8      | Found Kucrafoklai's Armour Boutique.
 15402 | D:8      | Bought a +0 pair of gloves for 63 gold pieces
 16173 | D:9      | Found a radiant altar of Vehumet.
 16404 | D:9      | Reached skill level 5 in Fighting
 16577 | D:9      | Reached skill level 10 in Dodging
 16718 | D:9      | Found a shattered altar of Ashenzari.
 16720 | D:9      | Noticed a two-headed ogre
 16755 | D:9      | Killed a two-headed ogre
 16897 | D:9      | Found an ornate altar of the Wu Jian Council.
 16899 | D:9      | Found a hide-covered altar of Uskayaw.
 17675 | D:9      | Found a stormy altar of Qazlal.
 17940 | D:9      | Found a basalt altar of Yredelemnul.
 17983 | D:10     | Entered Level 10 of the Dungeon
 18008 | D:10     | Reached skill level 1 in Maces & Flails
 18076 | D:10     | Reached XP level 11. HP: 64/64 MP: 13/13
 20113 | D:10     | Found Jodosmuu's Assorted Antiques.
 20559 | D:10     | HP: 3/68 [something (8)]
 20561 | D:10     | Slain by an unseen horror

Levels and vault maps discovered:
D:1:      dpeg_arrival_tiny_i, layout_basic, serial_curves, eino_curves_03,
          eino_curves_02
D:2:      layout_basic, grunt_dithmenos_smoke_and_mirrors, tso_altar
D:3:      layout_basic
D:4:      layout_layer_cave, kennysheep_mini, minmay_temple_entry_offerings,
          minmay_unequal, uniq_menkaure, uniq_blork_the_orc
D:5:      layout_basic, lemuel_doored_altar, first_ration, serial_shops,
          nicolae_shop_statue_plus, uniq_ijyb
D:6:      layout_basic, tgw_trog, okawaru_gym_becter, serial_shops, shop,
          yredelemnul_altar_generic, uniq_grinder, uniq_edmund
D:7:      layout_layer_cave, nicolae_overflow_hidden_temple, minmay_small_thing
D:8:      layout_basic, serial_shops, shop, the_bakery, fountainhead,
          hex_medium, minmay_crossroads
D:9:      layout_irregular_city, nicolae_qazlal_eye_of_the_storm,
          overflow_temple_1_default, fiery_altar_vehumet,
          grunt_temple_overflow_open
D:10:     layout_cave_pools, serial_shops, shop, wad_rectangle_vault

Skill      XL: |  1  2  3  4  5  6  7  8  9 10 11 |
---------------+----------------------------------+-----
Bows           | 3 4 5 6 7 9 |  9.3
Dodging        | 3 4 5 7 9 10 | 10.3
Fighting       | 3 4 5 7 |  7.7
Stealth        | 5 |  5.1
Hexes          | 4 6 |  6.0
Maces & Flails | 1 3 |  3.2
Spellcasting   | |  1.0

Action                   |  1- 3 |  4- 6 |  7- 9 | 10-12 || total
-------------------------+-------+-------+-------+-------++-------
Melee: Unarmed           |    12 |       |       |       ||    12
       Kick              |    18 |     6 |    30 |    67 ||   121
       Peck              |    15 |     1 |    24 |    40 ||    80
       Whip              |    25 |       |       |   211 ||   236
       Quarterstaff      |    32 |    33 |    43 |       ||   108
       Short sword       |    30 |       |       |       ||    30
       Dire flail        |       |       |    11 |     6 ||    17
       Flail             |       |       |    76 |    46 ||   122
       Hunting sling     |       |       |       |     1 ||     1
 Fire: Shortbow          |     4 |    65 |   470 |   249 ||   788
       Hunting sling     |       |    44 |    98 |   158 ||   300
Throw: Boomerang         |    32 |     1 |       |       ||    33
       Dart              |       |       |     1 |     4 ||     5
 Cast: Corona            |    46 |     3 |       |       ||    49
       Slow              |       |     4 |    36 |    60 ||   100
 Abil: Fly               |       |     1 |       |       ||     1
Evoke: Wand              |       |       |     1 |     5 ||     6
  Use: Scroll            |     4 |       |    10 |     2 ||    16
       Potion            |       |     1 |     1 |     1 ||     3
 Stab: Sleeping          |     1 |       |       |     1 ||     2
       Paralysed         |       |       |     5 |     6 ||    11
  Eat: Chunk             |     7 |     9 |    16 |    16 ||    48
       Ration            |       |       |     4 |     2 ||     6
Armor: Robe              |    18 |     7 |    42 |    14 ||    81
       Skin              |       |     3 |       |    43 ||    46
       Troll leather arm |       |       |       |    27 ||    27
Dodge: Dodged            |    74 |    57 |   393 |   431 ||   955

Table legend:
 A = Non-vault XP
 B = Vault XP
 C = Vault XP percentage of total XP
 D = Non-vault monster count
 E = Vault monster count
 F = Vault count percentage of total count
                 A         B        C        D         E       F
            +---------+---------+-------+---------+---------+-------
      Total |   10957 |    1237 |  10.1 |     242 |      18 |   6.9
            +---------+---------+-------+---------+---------+-------
        D:1 |      29 |       0 |   0.0 |      15 |       0 |   0.0
        D:2 |      39 |       0 |   0.0 |      23 |       0 |   0.0
        D:3 |     138 |       0 |   0.0 |      30 |       0 |   0.0
        D:4 |     196 |     279 |  58.7 |      10 |       3 |  23.1
        D:5 |     732 |      36 |   4.7 |      22 |       1 |   4.3
        D:6 |     503 |     442 |  46.8 |      10 |       7 |  41.2
        D:7 |    1013 |      58 |   5.4 |      29 |       1 |   3.3
        D:8 |    2988 |     329 |   9.9 |      39 |       3 |   7.1
        D:9 |    2790 |       0 |   0.0 |      32 |       0 |   0.0
       D:10 |    2529 |      93 |   3.5 |      32 |       3 |   8.6
            +---------+---------+-------+---------+---------+-------
